Map: Ephemeron LE

Players

Maru

  • Race: Terran Terran
  • Spawn Location: 11:00

Trap - Winner!

  • Race: Protoss Protoss
  • Spawn Location: 5:00

Event: IEM Katowice 2020

VOD

Have the link to the VOD?

Description

Time

  • Played on: Feb. 28, 2020, 5:17 a.m.
  • Length: 14:17

All games in this series

Show
View Real Time Build Order
Export as new Build Order

Maru Terran 

Build Orders: Widow Mine Drop 

Get SALT Encoding   

  12  0:00  SCV  
  13  0:12  SCV  
  14  0:17  Supply Depot  
  14  0:24  SCV  
  15  0:38  SCV  
  15  0:40  Barracks  
  16  0:44  Refinery  
  16  0:50  SCV  
  16  0:54  Refinery  
  17  1:02  SCV  
  18  1:14  SCV  
  19  1:27  Reaper, Orbital Command  
  20  1:36  Supply Depot  
  20  1:42  Factory  
  20  1:52  SCV  
  21  2:04  SCV  
  22  2:16  SCV  
  22  2:21  Command Center  
  22  2:22  Barracks Reactor  
  23  2:27  Widow Mine  
  23  2:29  SCV  
  26  2:35  Starport  
  26  2:41  SCV  
  27  2:44  Supply Depot  
  27  2:49  Widow Mine  
  29  2:53  SCV  
  30  3:01  Marine  
  31  3:05  Marine  
  31  3:09  SCV  
  31  3:11  Widow Mine  
  35  3:14  Medivac  
  35  3:19  Marine  
  38  3:21  SCV  
  39  3:32  Marine  
  39  3:37  Marine, Factory Tech Lab  
  39  3:39  Orbital Command  
  40  3:43  SCV  
  41  3:49  Starport Tech Lab  
  41  3:50  Marine  
  41  3:55  SCV, Supply Depot, Marine  
  44  4:02  Siege Tank  
  46  4:06  SCV  
  46  4:07  SCV  
  46  4:08  Marine  
  49  4:11  Raven  
  49  4:16  Bunker  
  51  4:18  SCV  
  51  4:19  SCV  
  53  4:31  SCV, Marine x2  
  54  4:32  SCV  
  54  4:37  Barracks  
  55  4:43  SCV  
  55  4:44  SCV  
  55  4:45  Supply Depot  
  53  4:47  Engineering Bay  
  53  4:52  Barracks  
  53  4:55  SCV  
  53  4:56  SCV  
  53  4:57  Marine x2  
  55  5:00  Refinery  
  55  5:07  SCV  
  55  5:08  SCV  
  57  5:14  Terran Infantry Weapons Level 1  
  57  5:15  Marine x2  
  57  5:17  Supply Depot, Factory Reactor  
  57  5:19  SCV, Starport Reactor  
  57  5:21  SCV  
  61  5:31  Supply Depot, Stimpack  
  61  5:32  Marauder  
  61  5:33  Marine x2  
  61  5:35  Refinery  
  65  5:36  SCV  
  66  5:43  SCV  
  66  5:45  Combat Shield  
  66  5:46  Supply Depot, Marauder  
  69  5:53  Marine x2  
  69  5:54  Marauder  
  69  5:56  Widow Mine x2  
  77  6:01  Medivac  
  77  6:03  Medivac  
  81  6:08  Supply Depot  
  83  6:11  Marauder  
  83  6:13  Marine x2  
  83  6:15  Marauder  
  83  6:17  SCV  
  88  6:24  Widow Mine x2  
  92  6:27  Supply Depot  
  92  6:35  Medivac x2, Supply Depot  
  96  6:40  Marauder x2, Marine  
  96  6:43  SCV  
  96  6:44  SCV  
  101  6:58  Command Center  
  101  7:01  Supply Depot, Marauder x2  
  99  7:04  Concussive Shells  
  99  7:06  Medivac x2  
  106  7:14  SCV x2  
  108  7:19  Widow Mine  
  108  7:20  Widow Mine  
  112  7:26  Terran Infantry Armor Level 1  
  112  7:28  SCV  
  112  7:29  Barracks x2  
  107  7:33  SCV  
  107  7:36  Medivac, Supply Depot  
  110  7:40  SCV  
  110  7:41  Widow Mine  
  111  7:45  SCV  
  111  7:50  Widow Mine  
  106  7:52  SCV  
  100  7:58  Marine x2  
  100  7:59  Marauder  
  100  8:00  Marauder  
  100  8:01  SCV  
  100  8:02  Widow Mine  
  100  8:05  Liberator  
  107  8:06  Liberator  
  107  8:12  SCV  
  114  8:13  SCV  
  114  8:16  Marine x2  
  117  8:20  Marauder  
  117  8:21  Barracks Reactor, Barracks Tech Lab  
  117  8:24  SCV, Supply Depot  
  117  8:25  Supply Depot  
  117  8:26  SCV  
  121  8:29  Marauder  
  121  8:32  Widow Mine x2  
  127  8:34  Marine x2  
  127  8:36  SCV  
  127  8:38  Orbital Command  
  130  8:42  Marauder  
  130  8:45  Marauder  
  130  8:47  Supply Depot  
  134  8:50  Marine  
  134  8:52  Marine  
  134  8:55  Supply Depot  
  136  8:56  Liberator  
  136  8:58  Marine  
  140  9:03  Marauder  
  140  9:06  Marauder  
  140  9:09  SCV  
  145  9:10  Marauder, Marine x3  
  142  9:19  SCV  
  142  9:22  Armory  
  138  9:24  Marauder  
  138  9:27  Marauder  
  136  9:31  Marine x2  
  136  9:32  Marauder  
  136  9:34  Widow Mine  
  118  9:41  Widow Mine  
  114  9:46  Marauder  
  114  9:50  Liberator x2  
  114  9:51  Marauder  
  115  9:53  Marauder  
  115  9:55  SCV x3, Widow Mine  
  116  10:10  Marauder, Marine x3  
  116  10:13  Marauder, Terran Infantry Weapons Level 2  
  107  10:14  Marauder  
  107  10:16  Marine  
  107  10:21  SCV x2  
  105  10:22  SCV  
  106  10:33  SCV x2  
  106  10:34  SCV  
  109  10:36  Marine  
  109  10:37  Engineering Bay, Marine  
  111  10:45  SCV x2  
  111  10:46  SCV  
  111  10:49  Marauder x2  
  118  10:53  Medivac x2  
  121  10:57  SCV x2  
  121  11:00  SCV  
  121  11:03  Terran Infantry Armor Level 2  
  121  11:04  Ghost Academy  
  124  11:08  Marine x2  
  124  11:09  SCV x2, Marauder  
  128  11:12  SCV  
  128  11:14  Widow Mine  
  128  11:15  Widow Mine  
  133  11:23  Refinery x2  
  130  11:28  Marine x4  
  134  11:34  Ghost x3  
  134  11:39  Supply Depot  
  140  11:46  Marine x4  
  144  11:49  Widow Mine x2  
  144  11:50  Viking x2  
  151  11:59  Enhanced Shockwaves  
  151  12:00  SCV x3  
  154  12:04  Marine  
  155  12:13  Missile Turret x2  
  154  12:18  Ghost  
  154  12:20  Supply Depot  
  156  12:30  Ghost x2, Marine  
  156  12:31  Marine  
  156  12:36  Command Center  
  162  12:43  Medivac x2, Widow Mine x2  
  162  12:44  Marine x2  
  169  12:47  Marauder  
  129  13:06  Ghost  
  130  13:16  Widow Mine x2  
  133  13:20  Barracks  
  133  13:21  Barracks  
  133  13:22  Barracks  
  129  13:28  Marauder x2, Marine x2  
  131  13:37  Marauder, Marine  
  131  13:40  Marine  
  121  13:45  Marine  
  121  13:47  Marine  
  106  13:50  Marauder x2  
  106  13:55  SCV, Marine  
  103  13:58  Marine  
Show
View Real Time Build Order
Export as new Build Order

Trap Protoss - Winner!

Build Orders: Blink Stalkers 

Get SALT Encoding   

  12  0:00  Probe  
  13  0:13  Probe  
  14  0:17  Pylon  
  14  0:25  Probe (Chrono Boost)  
  15  0:37  Probe (Chrono Boost)  
  15  0:38  Gateway  
  16  0:46  Probe (Chrono Boost), Assimilator  
  17  0:51  Probe  
  18  1:03  Probe  
  19  1:15  Probe  
  20  1:25  Cybernetics Core, Zealot  
  22  1:28  Probe  
  22  1:29  Pylon  
  23  1:50  Nexus  
  23  1:56  Probe  
  23  1:58  Stalker (Chrono Boost)  
  26  2:06  Assimilator  
  26  2:09  Probe  
  26  2:13  Warp Gate  
  26  2:20  Adept (Chrono Boost)  
  26  2:21  Probe  
  29  2:29  Pylon  
  29  2:33  Probe  
  30  2:42  Twilight Council  
  30  2:47  Probe  
  31  2:54  Stalker  
  33  3:03  Probe x2 (Chrono Boost)  
  35  3:13  Probe (Chrono Boost)  
  35  3:14  Probe (Chrono Boost)  
  35  3:17  Blink (Chrono Boost)  
  35  3:19  Probe  
  35  3:23  Probe  
  37  3:30  Gateway  
  36  3:35  Probe x2  
  38  3:47  Probe x2  
  40  3:52  Pylon  
  40  3:59  Probe (Chrono Boost)  
  40  4:02  Probe (Chrono Boost)  
  42  4:03  Stalker  
  44  4:11  Probe (Chrono Boost)  
  44  4:16  Nexus  
  44  4:17  Probe (Chrono Boost)  
  46  4:18  Probe (Chrono Boost)  
  46  4:24  Probe  
  44  4:32  Stalker  
  45  4:41  Probe (Chrono Boost), Stalker  
  48  4:52  Probe (Chrono Boost)  
  50  4:53  Probe (Chrono Boost)  
  50  4:57  Sentry  
  50  4:59  Probe (Chrono Boost)  
  53  5:00  Probe (Chrono Boost)  
  53  5:02  Pylon  
  54  5:08  Probe  
  54  5:10  Phoenix  
  54  5:11  Probe  
  56  5:16  Forge  
  56  5:17  Forge  
  56  5:20  Probe  
  57  5:21  Sentry  
  57  5:22  Stalker  
  57  5:23  Probe  
  62  5:31  Probe  
  62  5:32  Probe  
  62  5:33  Charge  
  62  5:35  Probe  
  65  5:41  Protoss Ground Armor Level 1 (Chrono Boost), Protoss Ground Weapons Level 1 (Chrono Boost)  
  64  5:47  Gateway  
  64  5:48  Gateway  
  64  5:58  Gateway  
  64  6:00  Gateway  
  64  6:04  Gateway  
  64  6:08  Gateway  
  64  6:09  Sentry  
  66  6:11  Probe x2  
  66  6:12  Probe  
  66  6:16  Zealot  
  70  6:23  Probe x2  
  70  6:24  Probe  
  73  6:27  Pylon x2  
  73  6:34  Zealot  
  73  6:37  Photon Cannon  
  73  6:38  Pylon  
  73  6:39  Probe x2  
  77  6:47  Zealot x3  
  83  6:56  Zealot x3  
  83  7:00  Pylon  
  89  7:01  Pylon  
  89  7:04  Zealot x2  
  93  7:12  Stalker x3  
  99  7:18  Zealot x3  
  95  7:32  Zealot x2  
  95  7:35  Zealot x3  
  105  7:43  Pylon x2  
  101  7:47  Probe x3  
  101  7:51  Stalker x3  
  104  7:58  Protoss Ground Weapons Level 2 (Chrono Boost), Protoss Ground Armor Level 2 (Chrono Boost)  
  104  8:00  Zealot x4  
  110  8:11  Probe x3  
  113  8:18  Assimilator  
  111  8:20  Pylon, Assimilator  
  111  8:22  Zealot x2  
  115  8:27  Zealot x2  
  115  8:28  Zealot  
  115  8:34  Pylon  
  121  8:35  Zealot x2  
  121  8:38  Zealot  
  127  8:45  Pylon  
  127  8:56  Zealot x4  
  127  8:57  Zealot x2  
  127  8:58  Zealot  
  139  9:06  Stalker  
  135  9:20  Zealot  
  135  9:21  Zealot x6  
  138  9:36  Nexus  
  116  9:50  Stalker x3  
  118  9:58  Stalker  
  118  10:10  Pylon  
  106  10:19  Protoss Ground Armor Level 3 (Chrono Boost)  
  94  10:23  Robotics Facility  
  94  10:25  Dark Shrine  
  94  10:26  Sentry x3  
  94  10:28  Zealot x2  
  100  10:34  Zealot x2  
  102  10:39  Zealot  
  102  10:52  Zealot x4  
  108  10:58  Zealot x2  
  112  11:09  Immortal (Chrono Boost)  
  112  11:16  Zealot x3  
  112  11:18  Stalker x2  
  122  11:29  Nexus  
  120  11:34  Pylon  
  120  11:37  Pylon  
  120  11:40  Observer (Chrono Boost), Dark Templar  
  120  11:46  Dark Templar  
  120  11:47  Dark Templar  
  125  11:57  Immortal (Chrono Boost)  
  129  12:02  Zealot  
  129  12:03  Zealot x4  
  129  12:07  Pylon  
  139  12:13  Protoss Shields Level 1 (Chrono Boost)  
  137  12:16  Pylon, Dark Templar  
  133  12:30  Warp Prism (Chrono Boost)  
  135  12:40  Stalker x2  
  135  12:41  Stalker  
  135  12:42  Zealot x4  
  121  13:04  Sentry x2, Zealot x3  
  121  13:05  Zealot x3  
  127  13:12  Immortal (Chrono Boost)  
  123  13:27  Zealot x6  
  123  13:28  Zealot  
  123  13:32  Zealot  
  105  13:51  Dark Templar x2  
  105  13:52  Zealot x5  
  111  13:58  Zealot  
  89  14:10  Zealot x4  
  89  14:15  Zealot  

Tags
 
Add a new tag
Caveats
  • Supply blocks, unpowered buildings, or Contaminate may cause inaccurate times.
  • Supply counts are checked every 10 seconds.